 Dungeon Crawl Stone Soup version 0.28.0-45-g0d030f2227 (webtiles) character file.

Game seed: 433063140626299080

111 Kangaroobicon the Sneak (level 4, -2/33 HPs)
             Began as a Demonspawn Brigand on Apr 14, 2022.
             Slain by a gnoll
             ... wielding a +0 club
              (4 damage)
             ... on level 3 of the Dungeon.
             The game lasted 00:25:31 (3199 turns).

Kangaroobicon the Sneak (Demonspawn Brigand)        Turns: 3199, Time: 00:25:32

Health: -2/33      AC:  5    Str: 11    XL:     4   Next: 62%
Magic:  4/4        EV: 11    Int: 12    God:
Gold:   89         SH:  0    Dex: 17    Spells: 3/3 levels left

rFire   . . .      SeeInvis .   a - +2 dagger
rCold   . . .      Faith    +   (no shield)
rNeg    . . .      Spirit   .   t - +0 leather armour
rPois   .          Reflect  .   (helmet restricted)
rElec   .          Harm     .   m - +1 cloak
rCorr   .          Rampage  .   (no gloves)
Will    .....                   (no boots)
Stlth   +++.......              f - amulet of faith
HPRegen 0.11/turn               (no ring)
MPRegen 0.09/turn               (no ring)

@: no status effects
A: antennae 1
a: no special abilities


You were on level 3 of the Dungeon.
You visited 1 branch of the dungeon, and saw 3 of its levels.

You collected 89 gold pieces.

Inventory:

Hand Weapons
 a - a +2 dagger (weapon)
Missiles
 d - 7 poisoned darts (quivered)
 e - 2 curare-tipped darts
 k - 60 stones
 s - 23 arrows
 v - 14 sling bullets
Armour
 b - a +0 robe
 m - a +1 cloak (worn)
 t - a +0 leather armour (worn)
Jewellery
 f - an amulet of faith (around neck)
Wands
 u - a wand of iceblast (9)
Scrolls
 c - a scroll of fog {unknown}
 g - 2 scrolls of amnesia
 o - a scroll of teleportation
 q - a scroll of brand weapon {unknown}
 r - a scroll of magic mapping {unknown}
Potions
 h - a potion of berserk rage {unknown}
 i - a potion of lignification {unknown}
 j - a potion of heal wounds {unknown}
 l - 2 potions of attraction
 n - a potion of curing {unknown}
 p - a potion of flight {unknown}


   Skills:
 + Level 2.3 Fighting
 + Level 2.2 Short Blades
 + Level 1.9 Throwing
 + Level 1.2 Dodging
 + Level 5.3 Stealth


You had 3 spell levels left.
You didn't know any spells.
Your spell library was empty.

Dungeon Overview and Level Annotations

Branches:
Dungeon (3/15)

Altars:

Shops:
D:1 !


Innate Abilities, Weirdness & Mutations

You have a pair of small antennae on your head.


Message History

You kill the gnoll!
You see here a +0 whip.
d - 7 poisoned darts (gained 1)
You see here a +0 whip.
Found 14 sling bullets and a jewelled copper wand.
u - a wand of iceblast (9)
You see here 14 sling bullets.
v - 14 sling bullets
Found 18 gold pieces.
You now have 89 gold pieces (gained 18).
A gnoll comes into view.
It is wielding a +0 club. 2 gnolls come into view.
The gnoll hits you with a +0 club.
* * * LOW HITPOINT WARNING * * *
You hit the gnoll but do no damage. The gnoll hits you with a +0 club.
* * * LOW HITPOINT WARNING * * *
You closely miss the gnoll. The gnoll barely misses you.
You hit the gnoll but do no damage. The gnoll misses you.
You hit the gnoll.
The gnoll is lightly wounded.
The gnoll barely misses you.
You hit the gnoll.
The gnoll is moderately wounded.
The gnoll hits you with a +0 club.
* * * LOW HITPOINT WARNING * * *
You hit the gnoll but do no damage.
The gnoll is moderately wounded.
The gnoll closely misses you.
You hit the gnoll.
The gnoll is moderately wounded.
The gnoll closely misses you.
You hit the gnoll.
The gnoll is severely wounded.
The gnoll barely misses you.
You hit the gnoll.
The gnoll is severely wounded.
You hit the gnoll.
The gnoll is almost dead.
The gnoll hits you with a +0 club.
You die...

#.#......##......#
#.##.##.#
#.#.#.#..##g.....#
#..#.##.#
((...............#
##.......#
#..........g.....#
#.#...####
....####.###.....#
##...## ##### #.#
####### ##.## . .
#.# #
##.##########.#
.......@......# .
##.##.g#####..# .#
#.. #..# # #..
...#


#gg ##.## #.. #.# ##. ..# ## ### You could see 3 gnolls.

Vanquished Creatures
  2 adders (D:3)
  A gnoll (D:3)
  2 worms
  3 dart slugs
  3 orcs (D:3)
  7 bats
  6 endoplasms
  A giant cockroach (D:2)
  6 hobgoblins
  8 jackals (D:1)
  4 kobolds
  4 quokkas
  4 ball pythons
  4 frilled lizards
  2 goblins
  7 rats
64 creatures vanquished.

Notes
Turn   | Place    | Note
-------+----------+-------------------------------------------
     0 | D:1      | Kangaroobicon the Demonspawn Brigand began the quest for
                  | the Orb.
     0 | D:1      | Reached XP level 1. HP: 16/16 MP: 1/1
    87 | D:1      | Reached skill level 4 in Stealth
    87 | D:1      | Gained mutation: You have a pair of small antennae on your
                  | head. [demonic ancestry]
    87 | D:1      | Reached XP level 2. HP: 9/22 MP: 2/2
   548 | D:1      | Found Tyzipn's Distillery.
  1109 | D:1      | Reached skill level 1 in Dodging
  1239 | D:1      | Reached XP level 3. HP: 27/27 MP: 3/3
  2093 | D:2      | Found a faded altar of an unknown god.
  2870 | D:2      | Reached XP level 4. HP: 33/33 MP: 4/4
  3002 | D:3      | Reached skill level 5 in Stealth
  3199 | D:3      | Slain by a gnoll

Illustrated notes

Levels and vault maps discovered:
D:1:      minmay_arrival_jagged, layout_loops_corners, serial_shops, shop,
          minmay_misc_feat_rugged, amcnicky_mini_corridor_feature,
          chequers_serial_rivers_large_a, minmay_tree_intersection
D:2:      layout_basic, basic_ecumenical_altar, minmay_box_of_dots
D:3:      layout_loops_cross, uniq_terence, uniq_jessica

Skill      XL: |  1  2  3  4 |
---------------+-------------+-----
Stealth        | 4 5 |  5.3
Dodging        | 1 |  1.2
Short Blades   | 2 |  2.2
Fighting       | |  2.3
Throwing       | |  1.9

Action                   |  1- 3 |  4- 6 || total
-------------------------+-------+-------++-------
Melee: Dagger            |   148 |    55 ||   203
       Punch             |     3 |       ||     3
Throw: Dart              |     9 |     3 ||    12
  Use: Scroll            |       |     4 ||     4
 Stab: Sleeping          |    19 |     2 ||    21
Armor: Robe              |    29 |     8 ||    37
       Leather armour    |       |     3 ||     3
Dodge: Dodged            |    76 |    35 ||   111
